 Dungeon Crawl Stone Soup version 0.26.1-11-gd32895ea62 (webtiles) character file.

Game seed: 16269172576249433807

309 H0rd4k the Insei (level 6, -6/39 HPs)
             Began as an Octopode Transmuter on May 11, 2021.
             Was an Initiate of Gozag.
             Mangled by an ice beast (14 damage)
             ... on level 4 of the Dungeon.
             The game lasted 00:04:22 (4447 turns).

H0rd4k the Insei (Octopode Transmuter)              Turns: 4447, Time: 00:04:24

Health: -6/39      AC:  1    Str:  9    XL:     6   Next: 41%
Magic:  10/10      EV: 14    Int: 18    God:    Gozag
Gold:   121        SH:  0    Dex: 12    Spells: 6/10 levels left

rFire    . . .     SeeInvis .     - Unarmed
rCold    . . .     Faith    .   (no shield)
rNeg     . . .     Spirit   .   (helmet restricted)
rPois    .         Reflect  .   (no amulet)
rElec    .         Harm     .   (no ring)
rCorr    .         Rampage  .   (no ring)
Will     .....                  (no ring)
Stlth    +++.......             (no ring)
HPRegen  0.13/turn              (no ring)
MPRegen  0.12/turn              (no ring)
                                (no ring)
                                (no ring)

@: about to teleport, gold aura
A: almost no armour, stealthy swim, amphibious, 8 rings, constrict 8, camouflage
1, gelatinous body 1
a: Renounce Religion, Potion Petition, Call Merchant, Bribe Branch


You were on level 4 of the Dungeon.
You worshipped Gozag.
Gozag was aware of your devotion.
You visited 2 branches of the dungeon, and saw 6 of its levels.

You collected 186 gold pieces.
You paid 65 gold pieces to Gozag.

Inventory:

Missiles
 o - 2 curare-tipped darts
Wands
 n - a wand of iceblast (6)
Scrolls
 b - a scroll of random uselessness {unknown}
 c - 2 scrolls of teleportation
 e - a scroll of enchant weapon {unknown}
 g - 3 scrolls of remove curse {unknown}
 h - 2 scrolls of identify {unknown}
 j - a scroll of enchant armour {unknown}
 k - 2 scrolls of magic mapping {unknown}
Potions
 a - a potion of berserk rage {unknown}
 d - 3 potions of curing {unknown}
 f - 2 potions of lignification {unknown}
 i - a potion of brilliance {unknown}
 l - a potion of resistance {unknown}
 m - a potion of haste {unknown}


   Skills:
 + Level 1.8 Fighting
 + Level 3.2 Dodging
 - Level 1.0 Stealth
 + Level 4.7 Unarmed Combat
 * Level 2.8 Spellcasting
 * Level 3.0 Transmutations
 * Level 2.0 Poison Magic


You had 6 spell levels left.
You knew the following spells:

 Your Spells              Type           Power        Failure   Level
a - Beastly Appendage     Tmut           26%          4%          1
b - Spider Form           Tmut/Pois      5%           17%         3

Your spell library contained the following spells:

 Spells                   Type           Power        Failure   Level
 Wereblood                Tmut           13%          8%          2
 Ice Form                 Ice/Tmut       8%           65%         4
 Blade Hands              Tmut           6%           80%         5


Dungeon Overview and Level Annotations

Branches:
Dungeon (5/15)             Temple (1/1) D:4

Altars:
Ashenzari
Cheibriados
Dithmenos
Gozag
Kikubaaqudgha
Makhleb
Nemelex Xobeh
Okawaru
Qazlal
Ru
Trog
Wu Jian
Xom
Zin
The Shining One

Annotations:
D:4 Robin


Innate Abilities, Weirdness & Mutations

You cannot wear most types of armour.
You are very stealthy in the water. (Stealth+)
You are amphibious.
You can wear up to eight rings at the same time.
You can use your tentacles to constrict eight enemies at once.
Your skin changes colour to match your surroundings (Stealth+).
Your rubbery body absorbs attacks. (AC +1, EV +1)


Message History

o - 2 curare-tipped darts The quokka misses you.
The quokka bites you.
You completely miss the quokka. You grab the quokka.
You constrict the quokka, but do no damage.
The quokka bites you. x2
As you read the scroll labelled CUDIUF QIXORE, it crumbles to dust.
You feel strangely unstable.
It was a scroll of teleportation.
You constrict the quokka. The quokka bites you.
You barely miss the quokka. You squeeze the quokka.
You kill the quokka!
The adder skeleton bites you.
You bludgeon the adder skeleton! You grab the adder skeleton.
The adder skeleton is heavily damaged.
You constrict the adder skeleton. The adder skeleton closely misses you.
The ice beast hits you.
* * * LOW HITPOINT WARNING * * *
The ice beast freezes you!
You die...
Your body crumbles into a pile of gold.

####
#@Z##
##Y.# #.
#..####..
#...#...#
##.....#
#.....##
##...##
#...#
#...#


You could see an ice beast and an adder skeleton.

Vanquished Creatures
  A howler monkey (D:4)
  A hound (D:3)
  2 worker ants (D:2)
  A gnoll (D:4)
  11 adders
  An ooze (D:2)
  A worm (D:2)
  A dart slug (D:1)
  3 leopard geckos
  A ball python (D:2)
  7 giant cockroaches
  14 goblins
  7 hobgoblins
  4 jackals (D:2)
  3 quokkas
  3 bats
  4 frilled lizards
  10 kobolds
  A leopard gecko skeleton (D:4)
  5 rats
81 creatures vanquished.

Notes
Turn   | Place    | Note
-------+----------+-------------------------------------------
     0 | D:1      | H0rd4k the Octopode Transmuter began the quest for the Orb.
     0 | D:1      | Reached XP level 1. HP: 13/13 MP: 3/3
   315 | D:1      | Reached XP level 2. HP: 17/18 MP: 5/5
   853 | D:2      | Reached skill level 1 in Stealth
   853 | D:2      | Reached XP level 3. HP: 9/23 MP: 6/6
   855 | D:2      | HP: 1/23 [kobold/+0 short sword (2)]
   878 | D:1      | Learned a level 3 spell: Spider Form
  1383 | D:2      | Reached XP level 4. HP: 15/28 MP: 7/7
  1745 | D:2      | Found a sparkling altar of Nemelex Xobeh.
  2164 | D:2      | Reached skill level 1 in Poison Magic
  2164 | D:2      | Reached XP level 5. HP: 32/33 MP: 8/8
  2186 | D:2      | Reached skill level 4 in Unarmed Combat
  3162 | D:3      | Found a broken altar of Ashenzari.
  3244 | D:3      | Reached XP level 6. HP: 35/39 MP: 10/10
  3731 | D:3      | Found a burning altar of Makhleb.
  3826 | D:3      | Found a faded altar of an unknown god.
  3927 | D:4      | Found a bloodstained altar of Trog.
  3957 | D:4      | Found a staircase to the Ecumenical Temple.
  3970 | Temple   | Entered the Ecumenical Temple
  4092 | Temple   | Became a worshipper of Gozag Ym Sagoz the Greedy
  4245 | D:4      | Noticed Robin
  4266 | D:5      | Entered Level 5 of the Dungeon
  4277 | D:5      | Noticed a phantom
  4295 | D:5      | Noticed an ice beast
  4447 | D:4      | Mangled by an ice beast

Illustrated notes

Levels and vault maps discovered:
D:1:      eino_arrival_water_star, layout_basic
D:2:      layout_basic, general_overflow_altar
D:3:      layout_basic, nicolae_overflow_hidden_temple,
          chequers_ecumenical_altar_simple, cheibrodos_ashenzari_chains
D:4:      layout_cave_pods, nicolae_overflow_quartered_altars,
          minmay_temple_entry_drinking_statues, uniq_robin
D:5:      layout_loops_ring, serial_shops, shop
Temple:   minmay_temple_bridge_abc

Skill      XL: |  1  2  3  4  5  6 |
---------------+-------------------+-----
Stealth        | 1 |  1.0
Dodging        | 3 |  3.2
Poison Magic   | 1 2 |  2.0
Unarmed Combat | 4 |  4.7
Transmutations | 3 |  3.0
Fighting       | |  1.8
Spellcasting   | |  2.8

Action                   |  1- 3 |  4- 6 || total
-------------------------+-------+-------++-------
Melee: Unarmed           |    51 |   160 ||   211
       Constrict         |    12 |    36 ||    48
       Tentacles         |    10 |    19 ||    29
       Punch             |     2 |     2 ||     4
  Use: Scroll            |       |     1 ||     1
 Stab: Sleeping          |     6 |     9 ||    15
Armor: Skin              |     4 |     8 ||    12
Dodge: Dodged            |    25 |   104 ||   129
